 Dungeon Crawl Stone Soup version 0.31-a0-234-gad7ace16ef (webtiles) character file.

Game seed: 16243842764415548143

65 qw the Shooter (level 3, -2/29 HPs)
             Began as a Minotaur Hexslinger on July 9, 2023.
             Slain by a phantom (5 damage)
             ... on level 2 of the Dungeon.
             The game lasted 00:00:31 (1242 turns).

qw the Shooter (Minotaur Hexslinger)                Turns: 1242, Time: 00:00:32

Health: -2/29      AC:  1    Str: 12    XL:     3   Next: 92%
Magic:  3/3        EV: 12    Int: 10    God:
Gold:   87         SH:  0    Dex: 14    Spells: 3/4 levels left

rFire   . . .        Y - +1 sling
rCold   . . .        (no shield)
rNeg    . . .        c - +0 robe
rPois   .            (helmet restricted)
rElec   .            (no cloak)
rCorr   .            (no gloves)
SInv    .            (no boots)
Will    .....        (no amulet)
Stlth   ++           (no ring)
HPRegen 0.24/turn    (no ring)
MPRegen 0.08/turn

%: no passive effects
@: no status effects
A: horns 2, retaliatory headbutt, camouflage 1, deformed body, wild magic 1,
MP-powered wands
a: no special abilities


You were on level 2 of the Dungeon.
You visited 1 branch of the dungeon, and saw 2 of its levels.

You collected 87 gold pieces.


Innate Abilities, Weirdness & Mutations

You have a pair of horns on your head.
You reflexively headbutt those who attack you in melee.
Your skin changes colour to match your surroundings (Stealth+).
Armour fits poorly on your strangely shaped body.
Your spells are a little harder to cast, but a little more powerful.
You expend magic power (3 MP) to strengthen your wands.


   Skills:
 - Level 2.0 Fighting
 + Level 4.4 Ranged Weapons
 - Level 2.1 Dodging
 - Level 1.0 Spellcasting
 - Level 2.0 Hexes


You had 3 spell levels left.
You knew the following spells:

 Your Spells              Type           Power      Damage    Failure   Level
a - Slow                  Hex            20%        N/A       22%         1

Your spell library contained the following spells:

 Spells                   Type           Power      Damage    Failure   Level
 Inner Flame              Hex/Fire       3%         N/A       65%         3
 Portal Projectile        Hex/Tloc       6%         N/A       65%         3
 Cause Fear               Hex            2%         N/A       88%         4

Inventory:

Hand Weapons
 Y - a +1 sling (weapon)
Armour
 c - a +0 robe (worn)
Scrolls
 b - a scroll of revelation {unknown}
 e - a scroll of butterflies {unknown}
Potions
 a - a potion of resistance {unknown}
 d - a potion of degeneration {unknown}
 f - a potion of mutation
 g - 3 potions of berserk rage {unknown}
 i - a potion of heal wounds {unknown}

Dungeon Overview and Level Annotations

Branches:
Dungeon (2/15)

Altars:


Message History

Enter note:
Enter note:
Enter note:
Enter note:
Enter note:
Enter note:
Enter note: You shoot a sling bullet.
The sling bullet closely misses the phantom.
The adder hisses angrily.
The phantom hits you. x2
You shoot a sling bullet. The sling bullet misses the phantom.
The phantom barely misses you.
You shoot a sling bullet. The sling bullet hits the phantom.
The phantom is moderately damaged.
A ball python comes into view.
The phantom hits you.
The phantom blinks!
You blink.
The ball python moves out of view.
Enter note:
Enter note:
Enter note:
Enter note:
Enter note:
Enter note:
Enter note:
Enter note:
Enter note: You shoot a sling bullet.
The sling bullet hits the phantom but does no damage.
The phantom is moderately damaged.
The phantom closely misses you. You furiously retaliate!
You headbutt the phantom, but do no damage.
You shoot a sling bullet.
The sling bullet hits the phantom but does no damage.
The phantom is moderately damaged.
The phantom hits you.
You shoot a sling bullet.
The sling bullet closely misses the phantom.
The phantom hits you. x2
You die...

#...#...#
###.....# #
#...#....# #
##.#.#......
##
#..#...#..##.
..##
#.####..#.# .
#...###.#
#..#.# #. ..
#..##.#
#...###. ..
##....# #.@W#.
#. #.)##.#
#.....S.# #S #
#.....#
####.#..S##..
..# #..####
#........#...#
#..#
####...#.....#
###..#
##....#.
.....#
#......# ###
>....#
###...>..#...#
.....#
#.........#


You could see a phantom, an adder and a ball python.

Vanquished Creatures
  2 adders
  A gnoll (D:1)
  A dart slug (D:1)
  6 bats
  4 endoplasms
  2 giant cockroaches
  2 goblins
  A hobgoblin (D:1)
  3 jackals (D:2)
  5 kobolds
  3 frilled lizards
  5 rats
35 creatures vanquished.

Notes
Turn   | Place    | Note
-------+----------+-------------------------------------------
     0 | D:1      | qw the Minotaur Hexslinger began the quest for the Orb.
     0 | D:1      | Reached XP level 1. HP: 16/16 MP: 1/1
     0 | D:1      | 0 ||| qw: Version: 0.3-a-51-g015441d
     0 | D:1      | 0 ||| qw: Game counter: 4041
     0 | D:1      | 0 ||| qw: Melee chars always use a shield: true
     0 | D:1      | 0 ||| qw: God list: Okawaru
     0 | D:1      | 0 ||| qw: Allow faded altars: false
     0 | D:1      | 0 ||| qw: Do Orc after clearing Dungeon:15 true
     0 | D:1      | 0 ||| qw: Do second Lair branch before Depths: true
     0 | D:1      | 0 ||| qw: Lair rune preference: random
     0 | D:1      | 0 ||| qw: Goals: Normal
     0 | D:1      | 0 ||| PLANNING D:1-11
   166 | D:1      | Reached skill level 3 in Ranged Weapons
   166 | D:1      | Reached XP level 2. HP: 19/23 MP: 2/2
   215 | D:1      | Found a faded altar of an unknown god.
   477 | D:1      | 477 ||| Stepping ~*~*~tactically~*~*~ (outnumbered).
   479 | D:1      | 479 ||| Stepping ~*~*~tactically~*~*~ (outnumbered).
   481 | D:1      | 481 ||| Stepping ~*~*~tactically~*~*~ (outnumbered).
   490 | D:1      | Reached XP level 3. HP: 28/29 MP: 3/3
   721 | D:1      | 721 ||| DROPPING ring of flight.
   725 | D:1      | 725 ||| READING scroll labelled MEGGEO TYIN.
   726 | D:1      | 726 ||| DRINKING 2 smoky dark potions.
   726 | D:1      | Gained mutation: Armour fits poorly on your strangely
                  | shaped body. [potion of mutation]
   726 | D:1      | Gained mutation: You expend magic power (3 MP) to
                  | strengthen your wands. [potion of mutation]
   726 | D:1      | Gained mutation: Your spells are a little harder to cast,
                  | but a little more powerful. [potion of mutation]
   726 | D:1      | Gained mutation: Your skin changes colour to match your
                  | surroundings (Stealth+). [potion of mutation]
   727 | D:1      | 727 ||| DROPPING scroll of poison.
   765 | D:2      | 765 ||| STAIRDANCE
   771 | D:1      | HP: 6/29 [adder (3)]
   775 | D:1      | Reached skill level 4 in Ranged Weapons
  1230 | D:2      | Noticed a phantom
  1239 | D:2      | HP: 7/29 [phantom (4)]
  1241 | D:2      | HP: 3/29 [phantom (4)]
  1242 | D:2      | Slain by a phantom

Levels and vault maps discovered:
D:1:      lightli_molten_gateway, layout_loops_ring,
          shapermc_ecumenical_altar_totnotflames, minmay_cut_off
D:2:      layout_rooms, minmay_ruptured

Skill      XL: |  1  2  3 |
---------------+----------+-----
Ranged Weapons | 3 4 |  4.4
Fighting       | 2 |  2.0
Dodging        | |  2.1
Spellcasting   | |  1.0
Hexes          | |  2.0

Action                     || total
---------------------------++-------
   Fire: Sling             ||   132
    Use: Scroll            ||     1
         Potion            ||     1
 Armour: Robe              ||     4
  Dodge: Dodged            ||    29

Table legend:
 A = Non-vault XP
 B = Vault XP
 C = Vault XP percentage of total XP
 D = Non-vault monster count
 E = Vault monster count
 F = Vault count percentage of total count
                 A         B        C        D         E       F
            +---------+---------+-------+---------+---------+-------
      Total |      83 |      10 |  10.8 |      28 |       7 |  20.0
            +---------+---------+-------+---------+---------+-------
        D:1 |      56 |       6 |   9.7 |      17 |       4 |  19.0
        D:2 |      27 |       4 |  12.9 |      11 |       3 |  21.4
            +---------+---------+-------+---------+---------+-------
